[Event "Early-Titled-Tuesday-Blitz-May-07-2024"]
[Site "Chess.com"]
[Date "2024.05.07"]
[Round "2"]
[White "Firouzja2003"]
[Black "Aminazinas"]
[Result "1-0"]
[WhiteElo "3204"]
[BlackElo "2663"]
[TimeControl "180+1"]
[EndTime "8:19:02 PDT"]
[Termination "Firouzja2003 won by resignation"]

1. e4 e5 2. Nf3 Nc6 3. Bb5 a6 4.
Ba4 Nf6 5. O-O Be7 6. d3 b5 7.
Bb3 O-O 8. h3 d5 9. exd5 Nxd5 10. Re1 Bf6 11. Nbd2 h6 12. Ne4 Be7 13. Bd2 Be6 14.
Ng3 Qd6 15. Qe2 Nd4 16. Nxd4 exd4 17. Qf3 Bg5 18. Ne4 Qd8 19. Bxg5 hxg5 20. Nc5 Qd6 21.
Nxe6 fxe6 22. Qg4 Rf5 23. Re2 Raf8 24. Rae1 R8f6 25. Qxd4 c5 26. Qg4 a5 27. a4 bxa4 28.
Qxa4 Nf4 29. Re3 Nxg2 30. Rxe6 Rxe6 31. Rxe6 Qf4 32. Re4+ 1-0

[Event "Early-Titled-Tuesday-Blitz-May-07-2024"]
[Site "Chess.com"]
[Date "2024.05.07"]
[Round "2"]
[White "Skatchkov_V"]
[Black "LileKoridze"]
[Result "0-1"]
[WhiteElo "2622"]
[BlackElo "2381"]
[TimeControl "180+1"]
[EndTime "8:19:03 PDT"]
[Termination "LileKoridze won by resignation"]

1. d4 Nf6 2. c4 e6 3. Nf3 d5 4. g3 Bb4+ 5. Bd2 Be7 6. Bg2 O-O 7. Qc2 c6 8. Bf4 b6 9. h4 Bb7 10. Nc3 dxc4 11. e4 c5 12. O-O-O cxd4 13. Rxd4 Qc8 14. e5 Nd5 15. Ng5 f5 16. Rxd5 exd5 17. Nxd5 Nc6 18.
Kb1 b5 19. Rd1 Bc5 20. Qe2 Ne7 21. Qh5 h6 22. Nxe7+ Bxe7 23. Bxb7 Qxb7 24. Qg6 hxg5 25. Qe6+ Rf7 26. hxg5 Qb6 27. Qd5 Rd8 28. Qf3 Rxd1+ 29.
Qxd1 Qd8 30. Qh1 Bxg5 31. e6 Rf8 32. Be5 Bf6 33. Bf4 Qd3+ 34. Ka1 Rd8 0-1

[Event "Early-Titled-Tuesday-Blitz-May-07-2024"]
[Site "Chess.com"]
[Date "2024.05.07"]
[Round "2"]
[White "Zheenbekov86"]
[Black "Seochesspie"]
[Result "0-1"]
[WhiteElo "2416"]
[BlackElo "2847"]
[TimeControl "180+1"]
[EndTime "8:19:03 PDT"]
[Termination "Seochesspie won on time"]

1. e4 e5 2. Nf3 Nc6 3. Bb5 a6 4.
Ba4 Nf6 5. O-O b5 6. Bb3 Bc5 7. c3 d6 8. h3 O-O 9. d4 Bb6 10.
Be3 Re8 11. Nbd2 h6 12. Qb1 Na5 13. Bc2 c5 14. d5 Bd7 15. b3 Nb7 16. b4 cxb4 17.
cxb4 Bxe3 18. fxe3 Rc8 19. Bd3 Rc3 20. Rc1 Qc7 21.
Qb2 Rc8 22. Rxc3 Qxc3 23. Qxc3 Rxc3 24. Ne1 Ne8 25. Kf2 Nc7 26. a3 Na8 27. Ke2 Nb6 28.
Nb1 Rc8 29. Kd2 g6 30. Ra2 f5 31. Rc2 Rxc2+ 32. Kxc2 Kg7 33. Nc3 Nd8 34. Nf3 Nf7 35. Nd2 Kf6 0-1

[Event "Early-Titled-Tuesday-Blitz-May-07-2024"]
[Site "Chess.com"]
[Date "2024.05.07"]
[Round "2"]
[White "jup1978"]
[Black "Alenzer"]
[Result "1-0"]
[WhiteElo "2488"]
[BlackElo "2229"]
[TimeControl "180+1"]
[EndTime "8:19:04 PDT"]
[Termination "jup1978 won by resignation"]

1. d4 d5 2. Nf3 Nf6 3. c4 dxc4 4. e3 a6 5. Bxc4 b5 6. Be2 Bb7 7. O-O e6 8. a4 b4 9. a5 Nbd7 10. Nbd2 Be7 11. Nb3 O-O 12. Qc2 Rc8 13. Rd1 Be4 14. Bd3 Bb7 15. Nc5 Nxc5 16. dxc5 Qe8 17. e4 Qc6 18.
Be3 Nxe4 19. Nd4 Qxc5 20. Bxe4 Bxe4 21. Qxe4 Qh5 22. Qc6 Bd6 23. Nf3 f5 24. Bc5 Rfd8 25. Bxd6 cxd6 26. Qxa6 e5 27. Rxd6 e4 28. Ne5 h6 29. h3 f4 30. Rxd8+ Rxd8 31. Qe6+ Kh7 32. Nf7 Rd2 33. Qxe4+ Kg8 34. Ne5 Rxb2 35. Rc1 Re2 36. Rc8+ 1-0

[Event "Early-Titled-Tuesday-Blitz-May-07-2024"]
[Site "Chess.com"]
[Date "2024.05.07"]
[Round "2"]
[White "PeshkaCh"]
[Black "Mrlammy"]
[Result "1-0"]
[WhiteElo "2878"]
[BlackElo "2589"]
[TimeControl "180+1"]
[EndTime "8:19:05 PDT"]
[Termination "PeshkaCh won by resignation"]

1. Nf3 d5 2. d4 Nf6 3. c4 c6 4. e3 Bf5 5. Bd3 Bxd3 6. Qxd3 e6 7. Nbd2 Nbd7 8. O-O Bd6 9. e4 dxe4 10. Nxe4 Nxe4 11.
Qxe4 O-O 12. b3 h6 13. Bb2 Qf6 14. Qe2 Qf5 15. Rad1 Rfe8 16. Rfe1 Nf6 17. Ne5 Rad8 18. Bc3 c5 19. h3 cxd4 20. Bxd4 Bb4 21. Rf1 Qe4 22.
Qb2 b6 23. Nf3 Qf5 24. a3 Bc5 25. b4 Bxd4 26. Nxd4 Qg6 27. Nc6 Rxd1 28. Rxd1 Kh7 29. Ne5 Qh5 30. Qc2+ Kg8 31. Nc6 g6 32. Nxa7 Kg7 33.
Nb5 Qe5 34. Nd6 Rd8 35. c5 bxc5 36. bxc5 Ne4 37. Nf5+ Qxf5 38. Rxd8 Qxc5 39. Qxc5 Nxc5 40. Rc8 Na4 41. Rc4 Nb6 42. Rb4 Nd5 43. Rb3 1-0

[Event "Early-Titled-Tuesday-Blitz-May-07-2024"]
[Site "Chess.com"]
[Date "2024.05.07"]
[Round "2"]
[White "Zhigalko_Sergei"]
[Black "Eloist"]
[Result "1-0"]
[WhiteElo "2864"]
[BlackElo "2416"]
[TimeControl "180+1"]
[EndTime "8:19:05 PDT"]
[Termination "Zhigalko_Sergei won by checkmate"]

1. e4 e6 2. d4 d5 3. e5 c5 4. c3 Qb6 5. Nf3 Bd7 6. Be2 cxd4 7.
cxd4 Bb5 8. Nc3 Bxe2 9. Nxe2 Bb4+ 10. Kf1 Nc6 11. h4 h5 12. g3 Nh6 13. Bxh6 Rxh6 14. Kg2 O-O-O 15. a3 Be7 16. b4 Kb8 17. Qd3 Rhh8 18. Nc3 Rc8 19. Na4 Qd8 20. Rac1 a6 21.
Nc5 Bxc5 22. bxc5 Na5 23. Rb1 Nc4 24. Rb4 Ka7 25. Rhb1 Rb8 26. Nd2 Nxd2 27. Qxd2 Qe7 28. Rb6 Rhc8 29. Qa5 Qd7 30. Rd6 Qc7 31. Rbb6 Ra8 32.
Rxa6+ bxa6 33. Rxa6+ Kb7 34. Qb5+ Qb6 35. Qxb6# 1-0

[Event "Early-Titled-Tuesday-Blitz-May-07-2024"]
[Site "Chess.com"]
[Date "2024.05.07"]
[Round "2"]
[White "mitrabhaa"]
[Black "viktorskliarov"]
[Result "0-1"]
[WhiteElo "2925"]
[BlackElo "2635"]
[TimeControl "180+1"]
[EndTime "8:19:06 PDT"]
[Termination "viktorskliarov won by resignation"]

1. d4 Nf6 2. Nf3 g6 3. g3 Bg7 4. Bg2 O-O 5. O-O c6 6. c4 d5 7. cxd5 cxd5 8. Ne5 Nfd7 9. Nxd7 Qxd7 10. Nc3 e6 11. b3 Nc6 12. e3 b6 13. Ba3 Rd8 14.
Qd3 Bf8 15. Bxf8 Rxf8 16. Rfc1 Bb7 17. e4 Nb4 18. Qd2 dxe4 19. Nxe4 Bxe4 20. Bxe4 Nd5 21. h4 Rad8 22. Bf3 h5 23. Re1 Kg7 24. Re5 Nf6 25. Rd1 Qd6 26. Qf4 Rc8 27. d5 exd5 28. Bxd5 Rc5 29. Rg5 Qxf4 30. gxf4 Rd8 31. Bf3 Rxd1+ 32. Bxd1 Rc1 0-1

[Event "Early-Titled-Tuesday-Blitz-May-07-2024"]
[Site "Chess.com"]
[Date "2024.05.07"]
[Round "2"]
[White "Amiciterno"]
[Black "ChessSwole"]
[Result "0-1"]
[WhiteElo "2389"]
[BlackElo "2655"]
[TimeControl "180+1"]
[EndTime "8:19:06 PDT"]
[Termination "ChessSwole won by checkmate"]

1. Nf3 Nf6 2. e3 d5 3. c4 e6 4. Nc3 Be7 5. b3 dxc4 6. Bxc4 c5 7. Bb2 O-O 8. O-O b6 9. d4 Bb7 10. Rc1 cxd4 11. Nxd4 Nc6 12. Nxc6 Bxc6 13. Qe2 Qb8 14.
Nb5 Qb7 15. f3 Bd5 16. e4 Bxc4 17. Rxc4 Rac8 18. Rfc1 Qa6 19. a4 Bc5+ 20. Kh1 Nh5 21. Qc2 Rcd8 22. b4 Be3 23. Rc7 Bxc1 24. Rxa7 Qxa7 25.
Nxa7 Bxb2 26. Qxb2 Rd1# 0-1

[Event "Early-Titled-Tuesday-Blitz-May-07-2024"]
[Site "Chess.com"]
[Date "2024.05.07"]
[Round "2"]
[White "baki83"]
[Black "Stanbad1"]
[Result "1-0"]
[WhiteElo "2923"]
[BlackElo "2617"]
[TimeControl "180+1"]
[EndTime "8:19:07 PDT"]
[Termination "baki83 won by resignation"]

1. e4 e6 2. d4 d5 3. exd5 exd5 4. Nf3 Nc6 5. Bb5 Bd6 6. O-O Ne7 7. c4 dxc4 8. Bxc4 O-O 9. h3 Bf5 10. Nc3 Kh8 11. Re1 f6 12. Be3 Bg6 13. Be6 Bf7 14.
d5 Ne5 15. Nd4 c6 16. f4 Nc4 17. f5 Nxd5 18. Nxd5 cxd5 19. Bf2 Be5 20. Bxf7 Rxf7 21.
Ne6 Qd6 22. Qh5 Re7 23. Bc5 Qd7 24. Bxe7 Qxe7 25. Rad1 Qd6 26. Qf7 Rg8 27. Qxb7 Bxb2 28. Rxd5 Qg3 29. Red1 Be5 30. Rxe5 Nxe5 31. Qe4 h5 32. Nf4 Qg5 33. Ng6+ Nxg6 34. fxg6 Rc8 35. Kh1 Qc5 36. Qe2 Qf5 37. Qc4 Rg8 38. Qxg8+ 1-0

[Event "Early-Titled-Tuesday-Blitz-May-07-2024"]
[Site "Chess.com"]
[Date "2024.05.07"]
[Round "2"]
[White "sonicdravise"]
[Black "GM_dmitrij"]
[Result "0-1"]
[WhiteElo "2642"]
[BlackElo "3053"]
[TimeControl "180+1"]
[EndTime "8:19:08 PDT"]
[Termination "GM_dmitrij won by checkmate"]

1. d4 Nf6 2. c4 g6 3. Nc3 Bg7 4. e4 O-O 5. Nf3 d6 6. Be2 e5 7. O-O exd4 8. Nxd4 Re8 9. f3 c6 10. Kh1 Nbd7 11. Bg5 Qb6 12. Rb1 a5 13. Be3 Nc5 14. Nb3 Qc7 15. Nxc5 dxc5 16. Bxc5 Rd8 17. Qe1 Be6 18.
Qf2 Nd7 19. Be3 a4 20. Nd5 Qa5 21. Nf4 Qe5 22. Nxe6 Qxe6 23. Rfd1 h5 24. Rd2 Ne5 25. Qf1 Rxd2 26. Bxd2 c5 27. Bc3 Nc6 28. Bxg7 Kxg7 29.
Rd1 Nd4 30. Qf2 f5 31. Rxd4 cxd4 32. Qxd4+ Qf6 33. Qd7+ Kh6 34. Qxb7 Rd8 35. g3 Rd2 36. Bf1 Qxb2 37. Qc8 Rxh2+ 38. Kg1 Qf2# 0-1

[Event "Early-Titled-Tuesday-Blitz-May-07-2024"]
[Site "Chess.com"]
[Date "2024.05.07"]
[Round "2"]
[White "NovakCabarkapa"]
[Black "RojonR"]
[Result "1-0"]
[WhiteElo "2753"]
[BlackElo "2541"]
[TimeControl "180+1"]
[EndTime "8:19:08 PDT"]
[Termination "NovakCabarkapa won by checkmate"]

1. d4 Nf6 2. Nc3 d5 3. Bf4 a6 4. e3 e6 5. g4 c5 6. g5 Nfd7 7. Qf3 b5 8. O-O-O b4 9. Nxd5 exd5 10. Qxd5 Qb6 11. Bc4 Bb7 12. Qxf7+ Kd8 13. Bxb8 Qg6 14. Qf4 Bxh1 15. Qc7+ Ke7 16. dxc5 Qc6 17. Qf4 Rxb8 18. Ne2 Bf3 19. Qf7+ Kd8 20. Nd4 Qa4 21. Bb5 Qxb5 22.
Nxb5 Bc6 23. Nd4 Ba4 24. c6 Bc5 25. Qxd7# 1-0

[Event "Early-Titled-Tuesday-Blitz-May-07-2024"]
[Site "Chess.com"]
[Date "2024.05.07"]
[Round "2"]
[White "Juicy_Fork"]
[Black "platy3"]
[Result "0-1"]
[WhiteElo "2417"]
[BlackElo "2865"]
[TimeControl "180+1"]
[EndTime "8:19:08 PDT"]
[Termination "platy3 won on time"]

1. e4 c5 2. Nf3 e6 3. d4 cxd4 4.
Nxd4 Nc6 5. Nc3 Qc7 6. a3 a6 7. Be3 Nf6 8. f4 d6 9. Qf3 Bd7 10. O-O-O Be7 11. g4 Nxd4 12. Rxd4 Bc6 13. g5 Nd7 14. h4 b5 15. h5 Nc5 16. g6 Bf6 17. gxf7+ Kxf7 18. Rg1 Rhf8 19. f5 Kg8 20. Qg4 exf5 21.
exf5 Rae8 22. Bf2 h6 23. Rd1 Ne4 24. Nxe4 Rxe4 25. Qg3 Be5 26. Qh3 Rf4 27. Be3 Rf3 28. Qg4 Rxe3 29. f6 Bxf6 30. Bd3 Bg5 31. Qg2 Bxg2 0-1

[Event "Early-Titled-Tuesday-Blitz-May-07-2024"]
[Site "Chess.com"]
[Date "2024.05.07"]
[Round "2"]
[White "MarlonJodar"]
[Black "mortngabriel"]
[Result "0-1"]
[WhiteElo "2289"]
[BlackElo "2512"]
[TimeControl "180+1"]
[EndTime "8:19:08 PDT"]
[Termination "mortngabriel won on time"]

1. e4 c5 2. Nf3 a6 3. c4 Nc6 4.
d4 cxd4 5. Nxd4 e5 6. Nc2 Nf6 7. Bd3 Bc5 8. O-O O-O 9. Be3 d6 10. Nc3 Be6 11. a3 Rc8 12. b4 Bxe3 13. Nxe3 Nd4 14. f4 b5 15. Ncd5 Bxd5 16. cxd5 Qb6 17.
Kh1 exf4 18. Rxf4 Nd7 19. Qd2 Nb3 20. Qe1 Nxa1 21. Nf5 Nb3 22. Qg3 Rc1+ 23. Bf1 g6 24.
Ne7+ Kg7 25. Qxb3 Qd4 26. Qg3 Kh8 27. Nxg6+ fxg6 28. Qh3 Rxf1+ 0-1

[Event "Early-Titled-Tuesday-Blitz-May-07-2024"]
[Site "Chess.com"]
[Date "2024.05.07"]
[Round "2"]
[White "Senn71"]
[Black "Alexandr_Kholin"]
[Result "0-1"]
[WhiteElo "2196"]
[BlackElo "2477"]
[TimeControl "180+1"]
[EndTime "8:19:08 PDT"]
[Termination "Alexandr_Kholin won on time"]

1. e4 e5 2. Nf3 Nc6 3. Nc3 Nf6 4. Bb5 a6 5. Bxc6 dxc6 6. Nxe5 Bb4 7. d3 Qd4 8. Nf3 Bxc3+ 9. bxc3 Qxc3+ 10. Bd2 Qc5 11. O-O Bg4 12. c3 O-O-O 13. h3 Bh5 14. Qe2 Rhe8 15. Rfd1 Kb8 16. Rac1 Qa3 17. Bg5 Rd7 18. Bxf6 gxf6 19. Rc2 f5 20. Rb1 fxe4 21. dxe4 f5 22.
Rcb2 b6 23. e5 Ka7 24. Qe3 c5 25. Ng5 f4 26. Qxf4 Qxc3 27. e6 Rde7 28. Rb3 Qd4 29. Qf5 Bg6 30. Qf3 Bxb1 31. Rxb1 h6 32. Ne4 Rxe6 33.
Nc3 Re1+ 34. Rxe1 Rxe1+ 0-1

[Event "Early-Titled-Tuesday-Blitz-May-07-2024"]
[Site "Chess.com"]
[Date "2024.05.07"]
[Round "2"]
[White "Kiborg95"]
[Black "Ural_bogatyr"]
[Result "1-0"]
[WhiteElo "2843"]
[BlackElo "2571"]
[TimeControl "180+1"]
[EndTime "8:19:09 PDT"]
[Termination "Kiborg95 won by resignation"]

1. e4 e5 2. Nf3 Nc6 3. Bc4 Bc5 4.
O-O Nf6 5. d3 a6 6. c3 d6 7. Bb3 Ba7 8. Nbd2 O-O 9. h3 Re8 10. Re1 Be6 11. Bc2 d5 12. Ng5 Bc8 13.
exd5 Nxd5 14. Qh5 Nf6 15. Qxf7+ Kh8 16. Nde4 Bf5 17. Qb3 Bg6 18. Be3 Bxe3 19. Rxe3 Qd7 20. Nxf6 gxf6 21. Nf3 Ne7 22. d4 Nd5 23. Bxg6 hxg6 24.
Re4 Nf4 25. dxe5 Qf5 26. Rae1 Nd3 27. Rh4+ Kg7 28. exf6+ Qxf6 29. Rxe8 Rxe8 30. Qxb7 Ne1 31. Qxc7+ Re7 32. Qf4 Nxf3+ 33. gxf3 1-0

[Event "Early-Titled-Tuesday-Blitz-May-07-2024"]
[Site "Chess.com"]
[Date "2024.05.07"]
[Round "2"]
[White "SaiAgni_98"]
[Black "sewlins"]
[Result "1-0"]
[WhiteElo "2483"]
[BlackElo "2218"]
[TimeControl "180+1"]
[EndTime "8:19:09 PDT"]
[Termination "SaiAgni_98 won by checkmate"]

1. c4 b6 2. Nc3 Bb7 3. e4 e5 4.
Nf3 Nc6 5. a3 a5 6. d4 exd4 7.
Nxd4 Nf6 8. f3 Bc5 9. Be3 O-O 10. Be2 Nxd4 11. Bxd4 Qe7 12. Qd2 d6 13. O-O-O c6 14.
h4 Rfd8 15. h5 d5 16. cxd5 cxd5 17. e5 Bxd4 18. Qxd4 Nd7 19. f4 Nc5 20. Kb1 Ne6 21. Qf2 d4 22. Nb5 Be4+ 23. Bd3 Bxd3+ 24. Rxd3 Rd5 25.
Nd6 b5 26. h6 g6 27. Rc1 Rb8 28. f5 Rxe5 29. fxe6 Qxd6 30. Qxf7+ Kh8 31. Qg7# 1-0

[Event "Early-Titled-Tuesday-Blitz-May-07-2024"]
[Site "Chess.com"]
[Date "2024.05.07"]
[Round "2"]
[White "kleinebeer98"]
[Black "Mikhail_Golubev"]
[Result "1-0"]
[WhiteElo "2922"]
[BlackElo "2616"]
[TimeControl "180+1"]
[EndTime "8:19:10 PDT"]
[Termination "kleinebeer98 won on time"]

1. e4 c5 2. Nf3 d6 3. d4 cxd4 4. Nxd4 Nf6 5. Nc3 g6 6. h3 Bg7 7. Bc4 O-O 8. O-O Nc6 9. Nf3 b6 10. Bg5 Na5 11. Bd5 Bb7 12. Bxb7 Nxb7 13. e5 dxe5 14.
Nxe5 Qc7 15. Re1 Rad8 16. Qf3 Na5 17. Re2 h6 18. Bh4 Rc8 19. Rae1 Qb7 20. Qxb7 Nxb7 21. Ng4 Nxg4 22. Rxe7 Bxc3 23. bxc3 Na5 24. hxg4 Rxc3 25. Rxa7 Rxc2 26. a3 Nc4 27. Kh2 g5 28. Bg3 Rc3 29. Rc7 b5 30. a4 bxa4 31. Re4 a3 32. Rcxc4 Rxc4 33. Rxc4 Ra8 34. Rc1 a2 35. Ra1 Ra5 36. Kg1 Kg7 37. Kf1 Kg6 38. Ke2 f5 39. gxf5+ Kxf5 40. Kd3 h5 41. Bc7 h4 42. Bxa5 1-0

[Event "Early-Titled-Tuesday-Blitz-May-07-2024"]
[Site "Chess.com"]
[Date "2024.05.07"]
[Round "2"]
[White "mind1mover"]
[Black "FoggyMorning"]
[Result "1-0"]
[WhiteElo "2905"]
[BlackElo "2608"]
[TimeControl "180+1"]
[EndTime "8:19:13 PDT"]
[Termination "mind1mover won by checkmate"]

1. e4 e6 2. d4 d5 3. exd5 exd5 4. Nf3 Bd6 5. c4 Nf6 6. h3 O-O 7. Be2 dxc4 8. Nc3 a6 9. a4 h6 10. O-O Be6 11. Ne5 Nc6 12. Nxc6 bxc6 13. a5 Rb8 14.
Qa4 Bd5 15. Qa2 Rb3 16. Bd1 Rb4 17. Bd2 Rb8 18. Be2 Rb3 19. Rae1 Re8 20. Bd1 Rb8 21.
Ba4 Rxe1 22. Rxe1 Bb4 23. Bf4 Bxc3 24. bxc3 Ne4 25. Bc2 Nxc3 26. Qa3 Nb5 27. Qg3 Kh8 28. Be5 f6 29. Qg6 Kg8 30. Qh7+ Kf8 31. Bf4 Nxd4 32. Bg6 Bg8 33. Qh8 Qd5 34. Bxh6 gxh6 35. Qxh6# 1-0

[Event "Early-Titled-Tuesday-Blitz-May-07-2024"]
[Site "Chess.com"]
[Date "2024.05.07"]
[Round "2"]
[White "Kirill_Klukin"]
[Black "FoxOnTheRun97"]
[Result "1-0"]
[WhiteElo "2855"]
[BlackElo "2579"]
[TimeControl "180+1"]
[EndTime "8:19:13 PDT"]
[Termination "Kirill_Klukin won on time"]

1. d4 Nf6 2. Nf3 e6 3. e3 d5 4. Bd3 Bd6 5. O-O O-O 6. b3 b6 7. Bb2 Bb7 8. Nbd2 Ne4 9. c4 f5 10. cxd5 exd5 11. Ne5 Nd7 12. f3 Nxd2 13. Qxd2 Qe7 14.
f4 g6 15. Rac1 Nf6 16. Qe2 a5 17. h3 Ne4 18. Bxe4 fxe4 19. Rf2 Bxe5 20. dxe5 c5 21. g4 Ba6 22. Qe1 Qe6 23. Kh2 Rad8 24. Rd1 Bd3 25.
f5 gxf5 26. gxf5 Rxf5 27. Rg2+ Kf8 28. Qh4 Rd7 29. Rdg1 d4 30. Rg8+ Qxg8 31. Rxg8+ Kxg8 32. Qg4+ Kf7 33. Qxf5+ Ke8 34. e6 Rg7 35. exd4 cxd4 36. Bxd4 Rg6 37. Qf7+ 1-0

[Event "Early-Titled-Tuesday-Blitz-May-07-2024"]
[Site "Chess.com"]
[Date "2024.05.07"]
[Round "2"]
[White "tandaleo"]
[Black "bancsoo"]
[Result "0-1"]
[WhiteElo "2595"]
[BlackElo "2881"]
[TimeControl "180+1"]
[EndTime "8:19:14 PDT"]
[Termination "bancsoo won on time"]

1. d4 d5 2. c4 c6 3. Nc3 Nf6 4. Nf3 e6 5. g3 Be7 6. Bg2 O-O 7. O-O a5 8. Qc2 dxc4 9. e4 b5 10. e5 Nd5 11. a3 Nd7 12. Ne4 h6 13. h4 c5 14. a4 Ba6 15. axb5 Bxb5 16. Rd1 Qb6 17. Nc3 Bc6 18. Nxd5 Bxd5 19. Be3 Rfc8 20. dxc5 Bxc5 21. Bxc5 Nxc5 22. Nd2 Qb7 23. Bxd5 exd5 24. Nf3 Nd3 25.
b3 Qxb3 0-1

[Event "Early-Titled-Tuesday-Blitz-May-07-2024"]
[Site "Chess.com"]
[Date "2024.05.07"]
[Round "2"]
[White "MVM2008"]
[Black "Abund"]
[Result "0-1"]
[WhiteElo "2545"]
[BlackElo "2765"]
[TimeControl "180+1"]
[EndTime "8:19:14 PDT"]
[Termination "Abund won on time"]

1. e4 c6 2. d4 d5 3. Nc3 dxe4 4. f3 exf3 5. Nxf3 Nf6 6. Bd3 Bg4 7.
Bf4 e6 8. h3 Bh5 9. Qe2 Bd6 10.
Be5 Bxe5 11. dxe5 Nd5 12. Ne4 Nf4 13. Qd2 Nxd3+ 14. cxd3 O-O 15. O-O Nd7 16. d4 c5 17.
Nd6 Qb6 18. Nc4 Qa6 19. b3 Rad8 20. Qg5 Bg6 21. h4 h6 22. Qg4 cxd4 23. Nxd4 b5 24. Ne3 Nxe5 25. Qf4 Nd3 26. Qg4 h5 0-1

[Event "Early-Titled-Tuesday-Blitz-May-07-2024"]
[Site "Chess.com"]
[Date "2024.05.07"]
[Round "2"]
[White "KorolDimitriy75"]
[Black "doctorcristian"]
[Result "0-1"]
[WhiteElo "2365"]
[BlackElo "2573"]
[TimeControl "180+1"]
[EndTime "8:19:14 PDT"]
[Termination "doctorcristian won on time"]

1. d4 Nf6 2. c4 c5 3. d5 e5 4. Nc3 d6 5. e4 Be7 6. f4 Nbd7 7.
Nf3 exf4 8. Bxf4 Nh5 9. Be3 g6 10. Qd2 Bf6 11. Bh6 Ne5 12. Be2 Qe7 13. O-O Bd7 14.
Nxe5 Qxe5 15. Bxh5 gxh5 16. Bf4 Qd4+ 17. Qxd4 Bxd4+ 18. Kh1 Ke7 19. Ne2 Bg7 20. Rae1 h4 21. b3 h3 22. Ng3 hxg2+ 23. Kxg2 Rhg8 24. Bg5+ Ke8 25. Bf6 Bxf6 26. Rxf6 Rg6 27. e5 dxe5 28. Rxe5+ Kf8 29. Rf2 Re8 30. Rfe2 Rxe5 31. Rxe5 b6 32. Kf2 Rh6 33. Kg2 Rg6 34. Kf2 Bg4 35. Ne4 f6 36. Nxf6 Rxf6+ 37. Kg3 h5 38. Re3 Kf7 39. h3 Bd7 40.
Kh4 Rf5 41. Kg3 Kf6 42. a3 Re5 43. Rf3+ Bf5 44. Kf4 Re4+ 45. Kg3 Kg5 46. h4+ Kg6 0-1

[Event "Early-Titled-Tuesday-Blitz-May-07-2024"]
[Site "Chess.com"]
[Date "2024.05.07"]
[Round "2"]
[White "Alina_Gumerovna"]
[Black "Zampronha1971"]
[Result "0-1"]
[WhiteElo "2169"]
[BlackElo "2468"]
[TimeControl "180+1"]
[EndTime "8:19:14 PDT"]
[Termination "Zampronha1971 won on time"]

1. e4 c5 2. Nf3 e6 3. c4 Nc6 4.
Nc3 Nf6 5. g3 d5 6. cxd5 exd5 7.
exd5 Nxd5 8. Bg2 Be7 9. O-O O-O 10. d4 Nxc3 11. bxc3 cxd4 12. Nxd4 Nxd4 13. cxd4 Bf6 14. Bb2 Bf5 15. Rc1 Qd7 16. Qb3 Rab8 17. Ba3 Rfd8 18. d5 Be5 19. d6 Bxd6 20. Rcd1 Qe7 21. Rfe1 Be6 22. Bd5 Bxa3 23. Bxe6 Rxd1 24. Rxd1 fxe6 25. Qe3 b6 26. Rd3 Bc5 27. Qe4 Rf8 28. Rd2 Qf6 29.
Qc4 Bxf2+ 0-1

[Event "Early-Titled-Tuesday-Blitz-May-07-2024"]
[Site "Chess.com"]
[Date "2024.05.07"]
[Round "2"]
[White "Baku_Boulevard"]
[Black "TitarovVasiliYouTube"]
[Result "1-0"]
[WhiteElo "3030"]
[BlackElo "2636"]
[TimeControl "180+1"]
[EndTime "8:19:15 PDT"]
[Termination "Baku_Boulevard won by resignation"]

1. e4 Nf6 2. d3 d5 3. exd5 Nxd5 4. Nf3 c5 5. g3 Nc6 6. Bg2 e5 7. O-O Be7 8. Re1 f6 9. c3 O-O 10. d4 cxd4 11. cxd4 Bg4 12. h3 Bxf3 13. Qxf3 Nb6 14.
dxe5 fxe5 15. Qb3+ Kh8 16. Be3 Nd4 17. Qd1 Nc4 18.
Bxd4 exd4 19. b3 Nb6 20. Bxb7 Rb8 21. Bg2 d3 22. Nd2 Rxf2 23. Ne4 Rb2 24. Kh1 Qd4 25. Qg4 Nd5 26. Qe6 Bf6 27. Nd6 Nc7 28. Nf7+ Kg8 29. Nh6+ Kh8 30. Qg8+ 1-0

[Event "Early-Titled-Tuesday-Blitz-May-07-2024"]
[Site "Chess.com"]
[Date "2024.05.07"]
[Round "2"]
[White "WindWhistler11"]
[Black "MarkusRagger"]
[Result "0-1"]
[WhiteElo "2568"]
[BlackElo "2824"]
[TimeControl "180+1"]
[EndTime "8:19:15 PDT"]
[Termination "MarkusRagger won on time"]

1. Nf3 Nf6 2. g3 g6 3. Bg2 Bg7 4. b4 Nd5 5. c3 Nxb4 6. e4 Nd3+ 7. Kf1 O-O 8. Ba3 b6 9. Kg1 c5 10. Qc2 c4 11. Bf1 Ba6 12. Nd4 Nc6 13. Nxc6 dxc6 14.
Qa4 Bb5 15. Qd1 Qd7 16. h4 Qe6 17. Qe2 f5 18. Bh3 Qxe4 19. Qxe4 fxe4 20. Rh2 Bf6 21. Bg2 a5 22. Bxe4 Rad8 23. f3 Rf7 24. Bxd3 Rxd3 25. Rf2 Be5 26. Kg2 c5 27. Bc1 Bc6 0-1

[Event "Early-Titled-Tuesday-Blitz-May-07-2024"]
[Site "Chess.com"]
[Date "2024.05.07"]
[Round "2"]
[White "chessdjw"]
[Black "Arlo2024"]
[Result "1-0"]
[WhiteElo "2776"]
[BlackElo "2405"]
[TimeControl "180+1"]
[EndTime "8:19:15 PDT"]
[Termination "chessdjw won on time"]

1. d4 Nf6 2. c4 c5 3. d5 b5 4. cxb5 a6 5. bxa6 g6 6. Nc3 Bg7 7. e4 O-O 8. a7 Rxa7 9. Nf3 e6 10. Be2 exd5 11. exd5 d6 12. O-O Na6 13. Nb5 Re7 14. Bc4 Nc7 15. a4 Bb7 16. Bf4 Nxb5 17. Bxb5 Bxd5 18.
Nd2 Nh5 19. Bg5 f6 20. Be3 Qa8 21. Bc4 f5 22. Qf3 Nf6 23. Bg5 Bxc4 24. Qxa8 Rxa8 25. Nxc4 d5 26. Nb6 Rd8 27. a5 h6 28. Bxf6 Bxf6 29. Rfd1 Bxb2 30. Rab1 Bd4 31. Kf1 Rde8 32. Nxd5 Re2 33.
Rxd4 cxd4 34. Nf6+ Kf7 35. Nxe8 Rxe8 36. a6 Ra8 37.
Ra1 Ke6 38. Ke2 Kd5 39. Kd3 Ra7 40. Ra5+ Kc6 41. Kxd4 Kb6 42. Ra2 1-0

[Event "Early-Titled-Tuesday-Blitz-May-07-2024"]
[Site "Chess.com"]
[Date "2024.05.07"]
[Round "2"]
[White "GMBenjaminBok"]
[Black "ahmedkandiliii"]
[Result "1-0"]
[WhiteElo "3046"]
[BlackElo "2641"]
[TimeControl "180+1"]
[EndTime "8:19:16 PDT"]
[Termination "GMBenjaminBok won on time"]

1. d4 Nf6 2. c4 e6 3. Nc3 Bb4 4. Qc2 d5 5. a3 Be7 6. Nf3 O-O 7. Bf4 b6 8. cxd5 exd5 9. Nb5 Na6 10. Nxc7 Nxc7 11.
Bxc7 Qd7 12. e3 Bb7 13. Bg3 Rac8 14. Qb3 Bc6 15. Ba6 Ba4 16. Qd3 Ne4 17. Ne5 Qe6 18. Bxc8 Rxc8 19. O-O f6 20. Qa6 Bb3 21. Qb5 Bc2 22.
Rfc1 fxe5 23. Rxc2 Nd6 24. Rxc8+ Qxc8 25. Qxd5+ Kh8 26.
Bxe5 Nc4 27. Rc1 b5 28. Qxb5 1-0

[Event "Early-Titled-Tuesday-Blitz-May-07-2024"]
[Site "Chess.com"]
[Date "2024.05.07"]
[Round "2"]
[White "Gareth-Bale11"]
[Black "BM223344"]
[Result "0-1"]
[WhiteElo "2914"]
[BlackElo "2633"]
[TimeControl "180+1"]
[EndTime "8:19:16 PDT"]
[Termination "BM223344 won by resignation"]

1. e4 e6 2. d4 d5 3. Nc3 Nf6 4. Bg5 Be7 5. Bxf6 Bxf6 6. Nf3 O-O 7. Qd2 c5 8. dxc5 d4 9. Nb5 e5 10. Nd6 Nd7 11. c6 bxc6 12. Nxc8 Rxc8 13. Ba6 Rb8 14. b3 Qe7 15. O-O Nc5 16. Bd3 Ne6 17. g3 c5 18. Kg2 g6 19. h4 h5 20. Bc4 Nd8 21. Qh6 Ne6 22. Ne1 Bg7 23. Qd2 Kh7 24. Qe2 Nc7 25.
Nd3 Ne8 26. Rae1 Rc8 27. f4 exf4 28. Rxf4 Nd6 29. e5 Nxc4 30. bxc4 Rc6 31. Re4 Re8 32. Nf4 Qb7 33. Nd5 Rce6 34. Qf3 Kg8 35. R1e2 Qc8 36.
Nf6+ Bxf6 37. exf6 Rxe4 38. Rxe4 Rxe4 39. Qxe4 Qe6 40.
Qa8+ Kh7 41. Qxa7 Qe2+ 42. Kh3 Qf1+ 43. Kh2 Qf2+ 44. Kh3 Qf5+ 45. Kh2 Qxc2+ 46. Kh3 Qf5+ 47. Kh2 Qxf6 48. Qxc5 Qf2+ 49. Kh3 Qf1+ 50. Kh2 Qf2+ 51. Kh3 Qf1+ 52. Kh2 d3 53. Qd5 Qf2+ 54. Kh3 d2 55. c5 Qf1+ 56. Kh2 d1=Q 0-1